 Dungeon Crawl Stone Soup version 0.21.1-1-g345015fe64 (webtiles) character file.

383 dracomuter the Conjurer (level 6, -13/55 HPs)
             Began as a Demigod Conjurer on May 14, 2018.
             Mangled by Pikel
             ... wielding a +2 whip of electrocution
              (17 damage)
             ... on level 3 of the Dungeon.
             The game lasted 00:18:34 (4760 turns).

dracomuter the Conjurer (Demigod Conjurer)          Turns: 4760, Time: 00:18:34

Health: -13/55     AC:  6    Str: 11    XL:     6   Next: 22%
Magic:  7/16       EV: 11    Int: 23    God:
Gold:   32         SH:  5    Dex: 16    Spells: 9/14 levels left

rFire    . . .     SeeInvis .   b - +0 hunting sling
rCold    . . .     Gourm    .   i - +0 buckler
rNeg     . . .     Faith    .   l - +0 ring mail
rPois    .         Spirit   .   (no helmet)
rElec    .         Reflect  .   (no cloak)
rCorr    .         Harm     .   v - +0 pair of gloves
MR       .....                  (no boots)
Stlth    +++.......             (no amulet)
HPRegen  0.18/turn              (no ring)
MPRegen  0.15/turn              (no ring)

@: no status effects
A: high mp 1
a: no special abilities


You were on level 3 of the Dungeon.
You were not hungry.

You visited 1 branch of the dungeon, and saw 4 of its levels.

You collected 135 gold pieces.
You spent 103 gold pieces at shops.

Inventory:

Hand Weapons
 a - a +0 long sword
 b - a +0 hunting sling (weapon)
 t - a +0 whip of freezing
 w - a +0 rapier
Missiles
 k - 27 sling bullets (quivered)
Armour
 i - a +0 buckler (worn)
 j - a +0 leather armour
 l - a +0 ring mail (worn)
 p - a +0 robe
 v - a +0 pair of gloves (worn)
Scrolls
 d - 2 scrolls of enchant armour
 f - a scroll of teleportation {unknown}
 h - 5 scrolls of remove curse
 o - a scroll of blinking {unknown}
 r - a scroll of noise {unknown}
 s - a scroll of fog {unknown}
Potions
 e - 2 potions of flight
 m - 3 potions of lignification
 n - a potion of magic
 u - a potion of curing {unknown}
Books
 q - a book of Conjurations

   Spells                             Type                      Level
   a - Magic Dart                     Conjuration                  1
   b - Searing Ray                    Conjuration                  2
   c - Dazzling Spray                 Conjuration/Hexes            3
   d - Fulminant Prism                Conjuration/Hexes            4
   e - Force Lance                    Conjuration/Translocation    4
   f - Iskenderun's Mystic Blast      Conjuration                  4
Comestibles
 c - 6 rations
 g - a chunk of flesh


   Skills:
 + Level 4.8 Fighting
 - Level 1.7 Dodging
 - Level 5.7 Stealth
 - Level 4.3 Shields
 + Level 4.9 Spellcasting
 * Level 6.6 Conjurations


You had 9 spell levels left.
You knew the following spells:

 Your Spells              Type           Power        Failure   Level  Hunger
a - Magic Dart            Conj           ####         1%          1    None
h - Iskenderun's Mystic   Conj           #####...     16%         4    ####...


Dungeon Overview and Level Annotations

Branches:
Dungeon (4/15)
 Temple: D:4-7

Shops:
D:4 [*

Annotations:
D:3 Pikel


Innate Abilities, Weirdness & Mutations

You have an increased reservoir of magic. (+10% MP)


Message History

Pikel is lightly wounded.
Pikel hits you but does no damage.
You are electrocuted!
* * * LOW HITPOINT WARNING * * *
Casting: Magic Dart
Confirm with . or Enter, or press ? or * to list all spells.
Aiming: Magic Dart
Press: ? - help, Shift-Dir - straight line, f/p - Pikel
Aim: Pikel, wielding a whip of electrocution and wearing a runed robe (lightly wounded)
The magic dart hits Pikel.
Pikel is lightly wounded.
You block Pikel's attack.
Casting: Magic Dart
Confirm with . or Enter, or press ? or * to list all spells.
Aiming: Magic Dart
Press: ? - help, Shift-Dir - straight line, f/p - Pikel
Aim: Pikel, wielding a whip of electrocution and wearing a runed robe (lightly wounded)
The magic dart hits Pikel.
Pikel is lightly wounded.
Pikel hits you but does no damage.
You are electrocuted!
You die...

#.#.# #.#.######.## #.#.....
#.#.#### #...# #.# #.######
#......## ##.## #.# #.#
###.#.#.## #.# #.# #.# ###
#..###.###.#######.####.# #..
#.## ##.................# #..
##.###........##.##.###.####..
##.#.####.#..##.##.###.......
#..## #...@K.((..(...####..
#..# ###..##.##.##..# #K. #..#
#..##..#.##..# #<. #.<#####
#........##..# ### #......#
#.####.####..# #.####.# #.#
#.# #..# #.# #.# #.# #.#
#..#### #.# ##.###.# #.#
#.....### #.###...##.# #.#
#.###..>.


You could see Pikel.

Vanquished Creatures
  2 slaves (D:3)
  A crimson imp (D:4)
  An orc priest (D:3)
  An orc wizard (D:3)
  Natasha (D:4)
  4 adders
  A gnoll (D:3)
  An ooze (D:3)
  An adder skeleton (D:4)
  A worm (D:1)
  8 dart slugs (D:4)
  A leopard gecko (D:3)
  10 orcs (D:3)
  8 bats
  2 giant cockroaches
  7 hobgoblins
  6 jackals
  A quokka (D:4)
  4 ball pythons (D:4)
  3 frilled lizards
  6 goblins
  9 kobolds
  A leopard gecko skeleton (D:4)
  7 rats
87 creatures vanquished.

Notes
Turn   | Place    | Note
-------+----------+-------------------------------------------
     0 | D:1      | dracomuter the Demigod Conjurer began the quest for the Orb.
     0 | D:1      | Reached XP level 1. HP: 14/14 MP: 5/5
   274 | D:1      | Reached XP level 2. HP: 22/22 MP: 4/7
   716 | D:1      | Reached skill level 4 in Conjurations
  1174 | D:1      | Reached XP level 3. HP: 24/27 MP: 3/8
  1303 | D:2      | Reached skill level 1 in Fighting
  1646 | D:2      | Found an ornate altar of the Wu Jian Council.
  2139 | D:3      | Reached XP level 4. HP: 32/35 MP: 1/10
  2218 | D:3      | Learned a level 4 spell: Iskenderun's Mystic Blast
  2397 | D:3      | Found a glowing golden altar of the Shining One.
  2532 | D:3      | Reached skill level 5 in Stealth
  2532 | D:3      | Reached skill level 6 in Conjurations
  2532 | D:3      | Reached XP level 5. HP: 47/47 MP: 11/15
  2784 | D:3      | Found a stormy altar of Qazlal.
  3285 | D:3      | Found an iron altar of Okawaru.
  3496 | D:3      | Found a stormy altar of Qazlal.
  3584 | D:3      | Found an iron altar of Okawaru.
  3778 | D:4      | Reached XP level 6. HP: 55/55 MP: 8/16
  3977 | D:4      | Found Vuiza's General Store.
  3985 | D:4      | Bought a +0 pair of gloves for 58 gold pieces
  3985 | D:4      | Bought a +0 long sword for 45 gold pieces
  4092 | D:4      | Noticed Pikel
  4364 | D:4      | Noticed Natasha
  4395 | D:4      | Killed Natasha
  4499 | D:4      | Found Osilo's Antique Armour Boutique.
  4760 | D:3      | Mangled by Pikel

Skill      XL: |  1  2  3  4 |
---------------+-------------+-----
Stealth        | 2 5 |  5.7
Spellcasting   | 2 4 |  4.9
Conjurations   | 4 6 |  6.6
Fighting       | 1 4 |  4.8
Shields        | 4 |  4.3
Dodging        | |  1.7

Action                   |  1- 3 |  4- 6 || total
-------------------------+-------+-------++-------
Melee: Short sword       |     3 |       ||     3
       Dagger            |    22 |       ||    22
       Whip              |     3 |       ||     3
       Rapier            |       |    28 ||    28
       Long sword        |       |     9 ||     9
 Fire: Hunting sling     |    13 |    19 ||    32
Throw: Stone             |     5 |       ||     5
 Cast: Magic Dart        |    92 |   113 ||   205
  Use: Scroll            |       |     7 ||     7
       Potion            |       |     1 ||     1
 Stab: Sleeping          |       |     2 ||     2
  Eat: Chunk             |     4 |     9 ||    13
Armor: Robe              |     8 |    11 ||    19
       Ring mail         |       |    17 ||    17
Dodge: Dodged            |    28 |    57 ||    85
Block: Buckler           |       |    22 ||    22
       Rpst.: Long sword |       |     4 ||     4
